NCAA
GEORGIA TECH YELLOW JACKETS @ WASHINGTON STATE COUGARS
05/08/2025
 
TOP OF THE 1ST
Georgia Tech Yellow Jackets batting - Pitching for Washington State Cougars : RHP Jesús López
Pitching: RHP Jesús López
Batting: RHB Rickey Núñez 0-0: Called Strike
0-1: Foul Ball, location: 2F
0-2: Strikes out looking
Batting: RHB Dave Bell 0-0: Ball
1-0: Ball
2-0: Ball
3-0: Foul Ball, location: 2F
3-1: Base on Balls
Batting: RHB Luis Antonio Cuevas 0-0: Fly out, F6 (Popup, 56)
Batting: LHB Mike Harris 0-0: Called Strike
0-1: Ball
1-1: Ball
2-1: Ball
3-1: Foul Ball, location: 2F
3-2: Base on Balls
Dave Bell to second
Batting: RHB Joe Atkinson 0-0: Ball
1-0: Fielders Choice at 2nd, 6-4 (Groundball, 6)
Top of the 1st over - 0 run(s), 0 hit(s), 0 error(s), 1 left on base; Georgia Tech 0 - Washington State 0
BOTTOM OF THE 1ST
Washington State Cougars batting - Pitching for Georgia Tech Yellow Jackets : RHP Tony Edmonds
Pitching: RHP Tony Edmonds
Batting: LHB Darren Holland 0-0: Ball
1-0: Ball
2-0: Called Strike
2-1: Fly out, F7 (Line Drive, 7M)
Batting: RHB Thomas Bowman 0-0: Foul Ball, location: 2F
0-1: Called Strike
0-2: Ball
1-2: Strikes out looking
Batting: RHB Jayson Clark 0-0: Ball
1-0: Fly out, F8 (Flyball, 8RXD)
Bottom of the 1st over - 0 run(s), 0 hit(s), 0 error(s), 0 left on base; Georgia Tech 0 - Washington State 0
TOP OF THE 2ND
Georgia Tech Yellow Jackets batting - Pitching for Washington State Cougars : RHP Jesús López
Batting: RHB Brendon Little 0-0: Foul Ball, location: 2F
0-1: Ball
1-1: Foul Ball, location: 2F
1-2: Fly out, F9 (Flyball, 89M)
Batting: RHB Bob Corrigan 0-0: Swinging Strike
0-1: Foul Ball, location: 2F
0-2: Foul Ball, location: 2F
0-2: Foul Ball, location: 2F
0-2: Ball
1-2: Fly out, F8 (Line Drive, 8RM)
Batting: LHB Gary White 0-0: Ball
1-0: SINGLE (Groundball, 34D)
Batting: SHB Stan Gómez 0-0: Ball
Throwing error on steal attempt, E2
Gary White to third
1-0: Called Strike
1-1: Called Strike
1-2: Fly out, F7 (Line Drive, 7M)
Top of the 2nd over - 0 run(s), 1 hit(s), 1 error(s), 1 left on base; Georgia Tech 0 - Washington State 0
BOTTOM OF THE 2ND
Washington State Cougars batting - Pitching for Georgia Tech Yellow Jackets : RHP Tony Edmonds
Batting: LHB Roberto Lozano 0-0: Fly out, F7 (Popup, 7S)
Batting: RHB Jesús Domínguez 0-0: Ball
1-0: Foul Ball, location: 2F
1-1: Ball
2-1: Ball
3-1: Ground out 4-3 (Groundball, 4M)
Batting: RHB Bill McKinney 0-0: Ball
1-0: Fly out, F9 (Flyball, 9M)
Bottom of the 2nd over - 0 run(s), 0 hit(s), 0 error(s), 0 left on base; Georgia Tech 0 - Washington State 0
TOP OF THE 3RD
Georgia Tech Yellow Jackets batting - Pitching for Washington State Cougars : RHP Jesús López
Batting: RHB Rickey Núñez 0-0: Ball
1-0: Ball
2-0: Ball
3-0: Base on Balls
Batting: RHB Dave Bell 0-0: Called Strike
0-1: Ball
1-1: Ball
2-1: DOUBLE (Flyball, 9M)
Rickey Núñez to third
Batting: RHB Luis Antonio Cuevas 0-0: Ball
1-0: Ball
2-0: Fly out, F7 (Flyball, 7M)
Runner from 3rd tags up, SCORES, no throw
Batting: LHB Mike Harris 0-0: Ground out 1-3 (Groundball, 13S)
Dave Bell to third
Batting: RHB Joe Atkinson 0-0: Ball
1-0: Ball
2-0: Ball
3-0: Base on Balls
Batting: RHB Brendon Little 0-0: 3-RUN HOME RUN (Flyball, 78XD), Distance : 388 ft
Batting: RHB Bob Corrigan 0-0: Ball
1-0: Fly out, F3 (Popup, 3)
Top of the 3rd over - 4 run(s), 2 hit(s), 0 error(s), 0 left on base; Georgia Tech 4 - Washington State 0
BOTTOM OF THE 3RD
Washington State Cougars batting - Pitching for Georgia Tech Yellow Jackets : RHP Tony Edmonds
Batting: RHB Mauro Paredes 0-0: Ball
1-0: Called Strike
1-1: Ground out U3 (Groundball, 3S)
Batting: SHB Jeffery Ivey 0-0: Called Strike
0-1: Foul Ball, location: 2F
0-2: Ball
1-2: SINGLE (Line Drive, 78M)
Batting: LHB Paco Silva 0-0: Called Strike
0-1: Ball
1-1: Foul Ball, location: 2F
1-2: Foul Ball, location: 2F
1-2: Ball
2-2: Ball
3-2: Base on Balls
Jeffery Ivey to second
Batting: LHB Darren Holland 0-0: Ball
1-0: Ball
2-0: Ball
3-0: Called Strike
3-1: Foul Ball, location: 2F
3-2: Fielders Choice at 2nd, 4-6 (Groundball, 4)
Jeffery Ivey to third
Batting: RHB Thomas Bowman 0-0: SINGLE (Line Drive, 6M)
Jeffery Ivey scores
Darren Holland to second
Batting: RHB Jayson Clark 0-0: SINGLE (Flyball, 78S)
Darren Holland to third
Thomas Bowman to second
Runner from 3rd tries for Home, SAFE, no throw or cutoff
Batting: LHB Roberto Lozano 0-0: Called Strike
0-1: Ball
1-1: Ball
2-1: Fly out, F6 (Popup, 6D)
Bottom of the 3rd over - 2 run(s), 3 hit(s), 0 error(s), 2 left on base; Georgia Tech 4 - Washington State 2
TOP OF THE 4TH
Georgia Tech Yellow Jackets batting - Pitching for Washington State Cougars : RHP Jesús López
Batting: LHB Gary White 0-0: Ball
1-0: Ball
2-0: SINGLE (Flyball, 78S)
Batting: SHB Stan Gómez 0-0: SINGLE (Groundball, 34D)
Gary White to second
Runner from 2nd tries for 3rd, SAFE, throw made to third
Stan Gómez to second
Batting: RHB Rickey Núñez 0-0: Called Strike
0-1: Fly out, F8 (Flyball, 8RM)
Runner from 3rd tags up, SCORES, no throw
Batting: RHB Dave Bell 0-0: Ground out 6-3 (Groundball, 6)
Stan Gómez to third
Batting: RHB Luis Antonio Cuevas 0-0: Ball
1-0: Foul Ball, location: 2F
1-1: Swinging Strike
1-2: Strikes out swinging
Top of the 4th over - 1 run(s), 2 hit(s), 0 error(s), 1 left on base; Georgia Tech 5 - Washington State 2
BOTTOM OF THE 4TH
Washington State Cougars batting - Pitching for Georgia Tech Yellow Jackets : RHP Tony Edmonds
Batting: RHB Jesús Domínguez 0-0: Called Strike
0-1: Foul Ball, location: 2F
0-2: Ground out 4-3 (Groundball, 4)
Batting: RHB Bill McKinney 0-0: Called Strike
0-1: Fly out, F1 (Popup, 13)
Batting: RHB Mauro Paredes 0-0: Called Strike
0-1: Called Strike
0-2: Foul Ball, location: 2F
0-2: Ball
1-2: Strikes out swinging
Bottom of the 4th over - 0 run(s), 0 hit(s), 0 error(s), 0 left on base; Georgia Tech 5 - Washington State 2
TOP OF THE 5TH
Georgia Tech Yellow Jackets batting - Pitching for Washington State Cougars : RHP Jesús López
Batting: LHB Mike Harris 0-0: Ball
1-0: Called Strike
1-1: Foul Ball, location: 2F
1-2: Foul Ball, location: 2F
1-2: Foul Ball, location: 2F
1-2: Foul Ball, location: 2F
1-2: Foul Ball, location: 2F
1-2: Fly out, F7 (Flyball, 7S)
Batting: RHB Joe Atkinson 0-0: Called Strike
0-1: Ball
1-1: Fly out, F8 (Flyball, 8LXD)
Batting: RHB Brendon Little 0-0: Called Strike
0-1: Ball
1-1: Ball
2-1: Ball
3-1: Base on Balls
Batting: RHB Bob Corrigan 0-0: Ball
1-0: Ball
2-0: Called Strike
2-1: Called Strike
2-2: Ground out 3-1 (Groundball, 34)
Top of the 5th over - 0 run(s), 0 hit(s), 0 error(s), 1 left on base; Georgia Tech 5 - Washington State 2
BOTTOM OF THE 5TH
Washington State Cougars batting - Pitching for Georgia Tech Yellow Jackets : RHP Tony Edmonds
Batting: SHB Jeffery Ivey 0-0: Ball
1-0: Called Strike
1-1: Fly out, F7 (Flyball, 78M)
Batting: LHB Paco Silva 0-0: Called Strike
0-1: Foul Ball, location: 2F
0-2: Foul Ball, location: 2F
0-2: Foul Ball, location: 2F
0-2: Ground out 4-3 (Groundball, 4)
Batting: LHB Darren Holland 0-0: Ball
1-0: Foul Ball, location: 2F
1-1: Swinging Strike
1-2: SINGLE (Line Drive, 89S)
Batting: RHB Thomas Bowman 0-0: Foul Ball, location: 2F
0-1: Called Strike
0-2: Ball
1-2: Fly out, F9 (Flyball, 89M)
Bottom of the 5th over - 0 run(s), 1 hit(s), 0 error(s), 1 left on base; Georgia Tech 5 - Washington State 2
TOP OF THE 6TH
Georgia Tech Yellow Jackets batting - Pitching for Washington State Cougars : RHP Jesús López
Pitching: LHP Michael Thornton
Batting: LHB Gary White 0-0: Foul Ball, location: 2F
0-1: Called Strike
0-2: Strikes out swinging
Batting: SHB Stan Gómez 0-0: Ball
1-0: Ground out U3 (Groundball, 3L)
Batting: RHB Rickey Núñez 0-0: Ball
1-0: Ball
2-0: Called Strike
2-1: Ball
3-1: Swinging Strike
3-2: Foul Ball, location: 2F
3-2: Base on Balls
Batting: RHB Dave Bell 0-0: Called Strike
0-1: Called Strike
0-2: Strikes out swinging
Top of the 6th over - 0 run(s), 0 hit(s), 0 error(s), 1 left on base; Georgia Tech 5 - Washington State 2
BOTTOM OF THE 6TH
Washington State Cougars batting - Pitching for Georgia Tech Yellow Jackets : RHP Tony Edmonds
Batting: RHB Jayson Clark 0-0: Swinging Strike
0-1: Called Strike
0-2: Foul Ball, location: 2F
0-2: Ball
1-2: Ball
2-2: Strikes out looking
Batting: LHB Roberto Lozano 0-0: SOLO HOME RUN (Flyball, 9D), Distance : 344 ft
Batting: RHB Jesús Domínguez 0-0: Ball
1-0: Ball
2-0: Foul Ball, location: 2F
2-1: Foul Ball, location: 2F
2-2: Strikes out swinging
Batting: RHB Bill McKinney 0-0: Called Strike
0-1: Ball
1-1: Foul Ball, location: 2F
1-2: Ball
2-2: Foul Ball, location: 2F
2-2: Foul Ball, location: 2F
2-2: Ball
3-2: Base on Balls
Pitching: LHP Lou Frederick
Batting: RHB Mauro Paredes 0-0: Ball
1-0: Called Strike
1-1: Called Strike
1-2: Ball
2-2: Foul Ball, location: 2F
2-2: Ball
3-2: Foul Ball, location: 2F
3-2: Foul Ball, location: 2F
3-2: Base on Balls
Bill McKinney to second
Batting: SHB Jeffery Ivey 0-0: SINGLE (Groundball, 6M)
Bill McKinney to third
Mauro Paredes to second
Runner from 3rd tries for Home, SAFE, no throw or cutoff
Batting: LHB Paco Silva 0-0: Ball
1-0: Ball
2-0: Ball
3-0: Base on Balls
Mauro Paredes to third
Jeffery Ivey to second
Batting: LHB Darren Holland 0-0: SINGLE (Groundball, 6MD)
Mauro Paredes scores
Jeffery Ivey to third
Paco Silva to second
Runner from 3rd tries for Home, SAFE, no throw or cutoff
Batting: RHB Thomas Bowman 0-0: Ball
1-0: Called Strike
1-1: Ball
2-1: Swinging Strike
2-2: Foul Ball, location: 2F
2-2: Ball
3-2: Strikes out swinging
Bottom of the 6th over - 4 run(s), 3 hit(s), 0 error(s), 2 left on base; Georgia Tech 5 - Washington State 6
TOP OF THE 7TH
Georgia Tech Yellow Jackets batting - Pitching for Washington State Cougars : LHP Michael Thornton
Batting: RHB Luis Antonio Cuevas 0-0: Fly out, F9 (Flyball, 9M)
Batting: LHB Mike Harris 0-0: Called Strike
0-1: Ball
1-1: Called Strike
1-2: Ball
2-2: Strikes out swinging
Batting: RHB Joe Atkinson 0-0: Ball
1-0: Swinging Strike
1-1: DOUBLE (Line Drive, 7LS)
Batting: RHB Brendon Little 0-0: Called Strike
0-1: Swinging Strike
0-2: Strikes out swinging
Top of the 7th over - 0 run(s), 1 hit(s), 0 error(s), 1 left on base; Georgia Tech 5 - Washington State 6
BOTTOM OF THE 7TH
Washington State Cougars batting - Pitching for Georgia Tech Yellow Jackets : LHP Lou Frederick
Batting: RHB Jayson Clark 0-0: Ball
1-0: Ball
2-0: Foul Ball, location: 2F
2-1: Ball
3-1: Foul Ball, location: 2F
3-2: SINGLE (Line Drive, 56)
Pitching: RHP Ray Lee
Batting: LHB Roberto Lozano 0-0: Ball
Jayson Clark is caught stealing 2nd base
1-0: Ball
2-0: Ball
3-0: Called Strike
3-1: Base on Balls
Batting: RHB Jesús Domínguez 0-0: Called Strike
0-1: Ball
1-1: Ground out 3-1 (Groundball, 34S)
Roberto Lozano to second
Batting: RHB Bill McKinney 0-0: Ball
Roberto Lozano steals 3rd base
1-0: Fly out, F3 (Popup, 34)
Bottom of the 7th over - 0 run(s), 1 hit(s), 0 error(s), 1 left on base; Georgia Tech 5 - Washington State 6
TOP OF THE 8TH
Georgia Tech Yellow Jackets batting - Pitching for Washington State Cougars : LHP Michael Thornton
Pitching: LHP Andy O'Toole
Batting: RHB Bob Corrigan 0-0: Foul Ball, location: 2F
0-1: Ball
1-1: Ball
2-1: Foul Ball, location: 2F
2-2: Ball
3-2: Base on Balls
Batting: LHB Gary White 0-0: 2-RUN HOME RUN (Flyball, 78XD), Distance : 380 ft
Batting: SHB Stan Gómez 0-0: Called Strike
0-1: Called Strike
0-2: Ball
1-2: Ball
2-2: Foul Ball, location: 2F
2-2: Strikes out swinging
Batting: RHB Rickey Núñez 0-0: Foul Ball, location: 2F
0-1: Ball
1-1: Fly out, F9 (Flyball, 9M)
Batting: RHB Dave Bell 0-0: SINGLE (Line Drive, 7LM)
Batting: RHB Luis Antonio Cuevas 0-0: Ground out 6-3 (Groundball, 6)
Top of the 8th over - 2 run(s), 2 hit(s), 0 error(s), 1 left on base; Georgia Tech 7 - Washington State 6
BOTTOM OF THE 8TH
Washington State Cougars batting - Pitching for Georgia Tech Yellow Jackets : RHP Ray Lee
Pitching: RHP Frank Wilcox
Batting: RHB Mauro Paredes 0-0: SOLO HOME RUN (Line Drive, 78XD), Distance : 371 ft
Batting: SHB Jeffery Ivey 0-0: Called Strike
0-1: Ball
1-1: Called Strike
1-2: Ball
2-2: SINGLE (Line Drive, 89M)
Batting: LHB Paco Silva 0-0: Ball
1-0: Ball
2-0: Ball
3-0: Base on Balls
Jeffery Ivey to second
Batting: LHB Darren Holland 0-0: Foul Ball, location: 2F
0-1: Bunted foul
0-2: Ball
1-2: Ball
2-2: Ball
3-2: Foul Ball, location: 2F
3-2: Base on Balls
Jeffery Ivey to third
Paco Silva to second
Batting: RHB Thomas Bowman 0-0: Fly out, F8 (Flyball, 8RM)
Runner from 3rd tags up, SCORES, no throw
Pitching: LHP Juan Jose Hinojosa
Batting: RHB Jayson Clark 0-0: Swinging Strike
0-1: Fly out, F7 (Line Drive, 7S)
Batting: LHB Roberto Lozano 0-0: Ball
1-0: Foul Ball, location: 2F
1-1: Ball
2-1: Ball
3-1: SINGLE (Groundball, 5D)
Paco Silva to third
Darren Holland to second
Runner from 3rd tries for Home, SAFE, no throw or cutoff
Batting: RHB Jesús Domínguez 0-0: Called Strike
0-1: Ball
1-1: Fly out, F7 (Flyball, 78S)
Bottom of the 8th over - 3 run(s), 3 hit(s), 0 error(s), 2 left on base; Georgia Tech 7 - Washington State 9
TOP OF THE 9TH
Georgia Tech Yellow Jackets batting - Pitching for Washington State Cougars : LHP Andy O'Toole
Pitching: LHP Anthony Robinson
Batting: LHB Mike Harris 0-0: SINGLE (Groundball, 34D)
Batting: RHB Joe Atkinson 0-0: Ball
1-0: Called Strike
1-1: Ball
2-1: 2-RUN HOME RUN (Line Drive, 7D), Distance : 370 ft
Batting: RHB Brendon Little 0-0: Swinging Strike
0-1: Foul Ball, location: 2F
0-2: Ball
1-2: Strikes out swinging
Batting: RHB Bob Corrigan 0-0: Fly out, F5 (Line Drive, 5)
Pinch Hitting: RHB Rodrigo Carballeira 0-0: Ball
1-0: SINGLE (Line Drive, 6)
Pinch Hitting: RHB Bobby Hulsey 0-0: Called Strike
0-1: Called Strike
0-2: Foul Ball, location: 2F
0-2: Foul Ball, location: 2F
0-2: Ball
1-2: Ball
2-2: Foul Ball, location: 2F
2-2: Ball
3-2: Reached on error, E5 (Groundball, 56)
Rodrigo Carballeira to second
Pinch Runner at 2nd Paul White:
Batting: RHB Rickey Núñez 0-0: Fly out, F8 (Flyball, 8RM)
Top of the 9th over - 2 run(s), 3 hit(s), 1 error(s), 2 left on base; Georgia Tech 9 - Washington State 9
BOTTOM OF THE 9TH
Washington State Cougars batting - Pitching for Georgia Tech Yellow Jackets : LHP Juan Jose Hinojosa
Now at 1B: Pedro Fernández
Now at SS: Paul White
Batting: RHB Bill McKinney 0-0: Swinging Strike
0-1: Fly out, F9 (Flyball, 89M)
Batting: RHB Mauro Paredes 0-0: Called Strike
0-1: Ball
1-1: Ball
2-1: Foul Ball, location: 2F
2-2: SOLO HOME RUN (Flyball, 7D), Distance : 352 ft
This league is powered by Out of the Park Baseball, the baseball management simulation game for PC, Mac and Linux
Tuesday, August 2nd, 2016 - OOTP Baseball 16.8 Build 38